 BcadrenCrawl: Boulder Brew version 0.04.2-15-ge27eb88979 (webtiles) character file.

Game seed: 2402804155537669712, levelgen mode: deterministic

4695 diana the Cleaver (level 10, -7/91 HPs) Hill Orc Gladiator. Began on May 14, 2021. Was a Follower of Okawaru. Mangled by an orc warrior ... wielding a +0 halberd (23 damage) ... on level 5 of the Dungeon. The game lasted 00:09:30 (5076 turns).

diana the Cleaver (Hill Orc Gladiator)              Turns: 5076, Time: 00:09:31

Health: -7/91      AC: 14    Str: 21    XL:     10 ^: 2519
Magic:  11/11      EV: 12    Int:  8    God:    Okawaru [1* [47]]
Gold:   232        SH:  0    Dex: 17    Spells: 9/9 levels left

rFire    . . .     Vision   .   p - +0 broad axe
rCold    . . .     Gourm    +   (no weapon)
rNeg     . . .     Faith    .   l - +0 scale mail
rPois    .         Spirit   .   c - +0 helmet
rElec    .         Reflect  .   k - +2 cloak
rCorr    .         Harm     .   (no gloves)
MR       .....                  q - +0 pair of boots
Stlth    ..........             t - amulet of the gourmand
HPRegen  0.40/turn              x - ring of dexterity
MPRegen  0.21/turn              (no ring)

@: no status effects
A: no striking features
a: Heroism, Renounce Religion


You were on level 5 of the Dungeon.
You worshipped Okawaru.
Okawaru was aware of your devotion.
You were not hungry.

You visited 2 branches of the dungeon, and saw 6 of its levels.

You collected 232 gold pieces.

Inventory:

Weapons
 a - a +0 war axe
 p - a +0 broad axe (weapon)
Armour
 c - a +0 helmet (worn)
 k - a +2 cloak (worn)
 l - a +0 scale mail (worn)
 q - a +0 pair of boots (worn)
Jewellery
 t - an amulet of the gourmand (around neck)
 x - a ring of dexterity (left hand)
Wands
 d - a wand of ensnaring (11)
Scrolls
 j - 3 scrolls of amnesia
 m - 2 scrolls of magic mapping
 o - 3 scrolls of enchantment
 u - a scroll of bless item
 v - a scroll of holy word
Potions
 b - a potion of magic
 e - 2 potions of invisibility
 g - 5 potions of heal wounds
 h - a potion of haste
 i - 6 potions of curing
 n - a potion of might
 r - 2 potions of cancellation
 s - a potion of resistance
 w - a potion of brilliance
Comestibles
 f - 6 rations


   Skills:
 + Level 9.4 Fighting
 * Level 13.8 Axes & Hammers
 + Level 8.1 Armour
 - Level 2.4 Dodging
 - Level 2.0 Evocations


You had 9 spell levels left.
You didn't know any spells.
Your spell library was empty.

Dungeon Overview and Level Annotations

Branches:
Dungeon (5/8)              Temple (1/1) D:4
   Lair: D:5

Altars:
Ashenzari
Cheibriados
Dithmenos
Elyvilon
Fedhas Madash
Gozag Ym Sagoz
Hepliaklqana
Kikubaaqudgha
Makhleb
Nemelex Xobeh
Okawaru
Qazlal
Ru
Trog
Uskayaw
Vehumet
Wu Jian
Xom
Yredelemnul


Message History

The orc warrior hits you from afar with a +0 halberd (7)!
The kobold closely misses you (0).
You slice the orc wizard (33)!!
You kill the orc wizard!
Okawaru accepts your kill.
You feel like a meek peon again. The kobold misses you (0).
The orc warrior closely misses you (0).
Items here: )) [ ††††††††††††† You slice the kobold (22)!!
You kill the kobold!
You hit the orc warrior (6).
The orc warrior is moderately wounded. (20/26) HP The orc warrior hits you with a +0 halberd (15)!
* * * LOW HITPOINT WARNING * * *
The orc priest mumbles some strange prayers to Beogh against you.
Beogh smites you!
* * * LOW HITPOINT WARNING * * *
The bullfrog barely misses you (0).
The orc warrior hits you from afar with a +0 halberd (23)!!
You die...

#..ooo)=.#
#..#####)##
#)[# #.##
#<# #.#
####.#
#.<..#
#@####
###F#
##lo)######
#KooKl....#


#oKKhoo...# #...Kh....# ...........# .............# ##...........# You could see
an orc warrior, a bullfrog, an iguana, 2 hounds, 4 orcs and 4 kobolds.

Vanquished Creatures
  Snorg (D:5)
  A komodo dragon (D:5)
  5 yaks (D:5)
  Purgy (D:2)
  An orc warrior (D:4)
  A water moccasin (D:2)
  A scorpion (D:4)
  An ice beast (D:4)
  An ogre (D:4)
  A crocodile (D:2)
  4 big kobolds
  4 bullfrogs
  A howler monkey (D:4)
  A quasit (D:4)
  2 crimson imps (D:4)
  A hound (D:4)
  5 orc priests
  6 jellies (D:2)
  7 orc wizards
  An iguana (D:3)
  11 worker ants
  A wyvern skeleton (D:4)
  7 giant cockroaches (D:2)
  A bullfrog zombie (D:4)
  A bullfrog skeleton (D:4)
  9 adders
  20 sewer rats (D:2)
  5 worms
  13 cinder newts
  A howler monkey skeleton (D:3)
  6 oozes
  3 dart slugs
  3 leopard geckos
  31 orcs
  An adder skeleton (D:2)
  3 ball pythons (D:3)
  2 cinder newt skeletons (D:2)
  3 goblins (D:1)
  3 hobgoblins (D:1)
  3 jackals (D:4)
  A quokka (D:4)
  6 bats
  A bat skeleton (D:2)
  25 kobolds
  A kobold skeleton (D:2)
  4 rats
  19 withered plants (D:2)
230 creatures vanquished.

Vanquished Creatures (others)
  A giant cockroach (D:2)
  A leopard gecko (D:2)
  2 kobolds (D:2)
  3 plants (D:5)
  106 withered plants (D:2)
113 creatures vanquished.

Grand Total: 343 creatures vanquished

Notes
Turn   | Place    | Note
-------+----------+-------------------------------------------
     0 | D:1      | diana the Hill Orc Gladiator began the quest for the Orb.
     0 | D:1      | Reached XP level 1. HP: 18/18 MP: 2/2
    53 | D:1      | Reached XP level 2. HP: 25/25 MP: 3/3
    96 | D:1      | Reached skill level 1 in Armour
   105 | D:1      | Reached XP level 3. HP: 25/30 MP: 4/4
   592 | D:1      | Reached skill level 5 in Axes & Hammers
  1031 | D:2      | Reached XP level 4. HP: 33/38 MP: 5/5
  1063 | D:2      | Reached XP level 5. HP: 31/45 MP: 6/6
  1070 | D:2      | Reached skill level 6 in Axes & Hammers
  1102 | D:2      | Reached XP level 6. HP: 21/52 MP: 7/7
  1279 | D:2      | Reached skill level 7 in Axes & Hammers
  1378 | D:2      | Reached XP level 7. HP: 60/60 MP: 8/8
  1429 | D:2      | Reached skill level 5 in Fighting
  1433 | D:2      | Reached skill level 8 in Axes & Hammers
  1611 | D:2      | Reached skill level 9 in Axes & Hammers
  1692 | D:2      | Reached XP level 8. HP: 70/70 MP: 9/9
  1736 | D:2      | Found a blossoming altar of Fedhas.
  2032 | D:2      | Reached skill level 5 in Armour
  2268 | D:2      | Noticed Purgy
  2278 | D:2      | Killed Purgy
  2278 | D:2      | Reached skill level 10 in Axes & Hammers
  2651 | D:3      | Found a snail-covered altar of Cheibriados.
  3179 | D:4      | Reached XP level 9. HP: 66/79 MP: 10/10
  3187 | D:4      | Reached skill level 11 in Axes & Hammers
  4217 | D:4      | Found a staircase to the Ecumenical Temple.
  4371 | Temple   | Entered the Ecumenical Temple
  4606 | Temple   | Became a worshipper of Warmaster Okawaru
  4666 | D:5      | Entered Level 5 of the Dungeon
  4700 | D:4      | Reached skill level 12 in Axes & Hammers
  4864 | D:5      | Received a gift from Okawaru
  4864 | D:5      | Reached * piety under Okawaru
  4868 | D:5      | Identified the amulet of Wisdom {rPois rN+ Regen+ Str-4
                  | +Vis}
  4871 | D:5      | Noticed Snorg
  4880 | D:5      | Reached XP level 10. HP: 60/90 MP: 11/11
  4885 | D:5      | Reached skill level 13 in Axes & Hammers
  5070 | D:5      | Killed Snorg
  5076 | D:5      | Mangled by an orc warrior

Levels and vault maps discovered:
D:1:      roderic_chinese_lattice_arrival, layout_basic, minmay_pentomino_v4
D:2:      layout_sewer, basic_altar, kennysheep_generic_room_3, uniq_purgy
D:3:      layout_rooms, cheibriados_altar_1, first_ration
D:4:      layout_layer_cave, minmay_temple_entry_enclosed_plants
D:5:      layout_rooms, bcadren_lemuel_inverted_doored_altar,
          david_lair_shrubbed, uniq_snorg, uniq_sonja
Temple:   dpeg_five_rooms_temple

Skill      XL: |  1  2  3  4  5  6  7  8  9 10 |
---------------+-------------------------------+-----
Armour         | 1 2 3 4 5 7 8 |  8.1
Fighting       | 3 4 5 7 8 9 |  9.4
Axes & Hammers | 5 6 7 9 10 12 13 | 13.8
Dodging        | |  2.4
Evocations     | |  2.0

Action                   |  1- 3 |  4- 6 |  7- 9 | 10-12 || total
-------------------------+-------+-------+-------+-------++-------
Melee: War axe           |    37 |    67 |   103 |       ||   207
       Unarmed           |    15 |    41 |   117 |    12 ||   185
       Broad axe         |       |       |   123 |    18 ||   141
Invok: Heroism           |       |       |       |     2 ||     2
  Eat: Chunk             |       |     1 |    10 |       ||    11
       Ration            |       |       |     1 |       ||     1
Armor: Leather armour    |     4 |       |       |       ||     4
       Scale mail        |     5 |    26 |    84 |     9 ||   124
Dodge: Dodged            |    21 |    51 |   126 |    15 ||   213
